 Dungeon Crawl Stone Soup version 0.29.1-15-g9cfb28693d (webtiles) character file.

Game seed: 9982584924847902377

697 croobank the Covert (level 7, -1/49 HPs)
             Began as an Octopode Delver on Feb 24, 2023.
             Slain by a black bear (5 damage)
             ... on level 5 of the Dungeon.
             The game lasted 00:12:35 (6508 turns).

croobank the Covert (Octopode Delver)               Turns: 6508, Time: 00:12:36

Health: -1/49      AC:  1    Str: 11    XL:     7   Next: 65%
Magic:  9/9        EV: 14    Int: 15    God:
Gold:   259        SH:  5    Dex: 13    Spells: 6/9 levels left

rFire   . . .      SeeInvis .   b - +2 sling of Zagaryewn {venom, rC++}
rCold   + + +      Faith    .   (no shield)
rNeg    . . .      Spirit   .   (helmet restricted)
rPois   .          Reflect  +   i - amulet of reflection
rElec   .          Harm     .   o - ring of protection from cold
rCorr   .          Rampage  .   (no ring)
Will    .....                   (no ring)
Stlth   +++++.....              (no ring)
HPRegen 0.16/turn               (no ring)
MPRegen 0.11/turn               (no ring)
                                (no ring)
                                (no ring)

@: no status effects
A: almost no armour, amphibious, 8 rings, camouflage 1, gelatinous body 1,
(nimble swimmer 1), tentacles
a: no special abilities


You were on level 5 of the Dungeon.
You visited 1 branch of the dungeon, and saw 8 of its levels.

You collected 259 gold pieces.

Inventory:

Hand Weapons
 a - a +1 vampiric hand axe
 b - the +2 sling of Zagaryewn (weapon) {venom, rC++}
   (You found it on level 4 of the Dungeon)

   Any ammunition fired from it poisons the flesh of those it strikes.
   rC:        It greatly protects you from cold.
 c - a +2 dagger of protection
 h - a +0 quarterstaff
 r - a +1 short sword of protection
 s - a +6 mace
 t - a +0 scimitar
 x - a +1 dagger of venom
 F - a +0 trident
Missiles
 d - 3 atropa-tipped darts
 w - 9 poisoned darts
Armour
 u - a +0 buckler
Jewellery
 i - an amulet of reflection (around mantle)
 o - a ring of protection from cold (left tentacle)
 E - a +4 ring of evasion
Wands
 f - a wand of digging (3)
Scrolls
 n - a scroll of fog
 q - 3 scrolls of teleportation
 y - a scroll of blinking {unknown}
 C - a scroll of magic mapping
Potions
 e - 4 potions of haste
 g - 4 potions of heal wounds
 j - a potion of degeneration {unknown}
 k - 2 potions of cancellation {unknown}
 l - a potion of berserk rage {unknown}
 m - a potion of attraction {unknown}
 p - 6 potions of curing
 v - a potion of ambrosia {unknown}
 z - a potion of lignification {unknown}
 A - a potion of brilliance {unknown}
 D - a potion of might {unknown}


   Skills:
 + Level 4.6 Fighting
 + Level 4.0 Axes
 + Level 4.0 Dodging
 + Level 8.4 Stealth
 + Level 1.6 Shields
 * Level 1.6 Spellcasting
 * Level 1.9 Ice Magic


You had 6 spell levels left.
You knew the following spells:

 Your Spells              Type           Power      Damage    Failure   Level
a - Ozocubu's Armour      Ice            6%         N/A       32%         3

Your spell library contained the following spells:

 Spells                   Type           Power      Damage    Failure   Level
 Ozocubu's Refrigeration  Ice            3%         4d8       100%        7
 Borgnjor's Revivificati  Necr           0%         N/A       100%        8
 Necromutation            Tmut/Necr      0%         N/A       100%        8
 Death's Door             Necr           0%         N/A       100%        9


Dungeon Overview and Level Annotations

Branches:
Dungeon (8/15)
 Temple: D:4-7         Lair: D:8-11

Altars:
Yredelemnul

Annotations:
D:5 3 runed translucent doors
D:6 1 runed translucent door
D:7 Joseph


Innate Abilities, Weirdness & Mutations

You cannot wear most types of armour.
You are amphibious.
You can wear up to eight rings at the same time.
Your skin changes colour to match your surroundings (Stealth+).
Your rubbery body absorbs attacks. (AC +1, EV +1)
((You are camouflaged when in or above water. (Stealth+)))
You have tentacles for arms and can constrict up to eight enemies at once.


Message History

You shoot a sling bullet. The sling bullet hits the black bear.
The black bear is lightly wounded.
You shoot a sling bullet. The sling bullet hits the black bear.
The black bear is poisoned.
The black bear is moderately wounded.
You shoot a sling bullet. The sling bullet hits the black bear.
The black bear is moderately wounded.
You shoot a sling bullet. The sling bullet hits the black bear.
The black bear looks as sick as possible!
The black bear is heavily wounded.
The black bear closely misses you. The black bear barely misses you.
The black bear claws you.
You shoot a sling bullet.
The sling bullet barely misses the black bear.
The black bear closely misses you. You block the black bear's attack. x2
You shoot a sling bullet. The sling bullet hits the black bear.
The black bear looks as sick as possible!
The black bear is heavily wounded.
You block the black bear's attack. The black bear closely misses you.
You block the black bear's attack.
You shoot a sling bullet.
The sling bullet hits the black bear but does no damage.
The black bear is severely wounded.
The black bear closely misses you. The black bear completely misses you.
The black bear claws you. The scorpion stings you.
The black bear goes berserk!
The scorpion stings you.
You shoot a sling bullet.
The sling bullet hits the black bear but does no damage.
The black bear is severely wounded.
The black bear bites you! You block the black bear's attack. x2
The scorpion stings you. The black bear misses you.
The black bear closely misses you. The black bear claws you!
You are too injured to fight recklessly!
You are too injured to fight recklessly!
As you read the scroll of butterflies, it crumbles to dust.
You hear the tinkle of a tiny bell.
The scorpion misses you. The black bear bites you!
* * * LOW HITPOINT WARNING * * *
The black bear claws you.
You die...

*,,,,* *,,,,,**,* ** *,**,*
***,****,* *,**,* *,# *,* ,,,*,**
*.# *,******
*,,,,,********#####*#.###*,,,,,,,
*,,,,,,,,,,,,,,...##.....,,,,,,,,
*,*,,,*,,#######bbb......,,,,,,**
*,**,***,.....bbbbb.....>,,,,,,,,
*,**,,*,,*#...bh@sb...#*******,**
*,***,,,,*#.###bbbb.#.# *,* *,*
**,*,**,* ##bbb.#,* *,** ,,*
*,*,**,* ##.#.#,* *,,, ,**
*,*,,*,****#.#.#,* ******* ,*
*,,,,,,,,,,..#.#,*****,,,,,, ,*
**,,,,,,,,,,...,#,,,,,,,***** ,*
*,,,,,,,,,,,...,*********
,****,,,,,,,,,,,,,,,*


You could see a black bear (berserk, extremely poisoned, ally target) and a
scorpion (ally target).

Vanquished Creatures
  An ice beast (D:6)
  2 necrophages
  A hound (D:4)
  3 jellies
  An orc priest (D:3)
  Jessica (D:2)
  An iguana (D:5)
  An orc wizard (D:4)
  Robin (D:2)
  8 gnolls
  5 adders
  A white imp (D:6)
  An ufetubus (D:6)
  3 worms
  3 dart slugs (D:1)
  12 orcs
  6 endoplasms
  11 goblins
  12 hobgoblins
  4 jackals (D:2)
  A quokka (D:1)
  10 ball pythons
  A bat (D:1)
  3 frilled lizards
  A goblin zombie (D:6)
  5 kobolds
  A kobold zombie (D:6)
  4 rats
104 creatures vanquished.

Notes
Turn   | Place    | Note
-------+----------+-------------------------------------------
     0 | D:5      | croobank the Octopode Delver began the quest for the Orb.
     0 | D:5      | Reached XP level 1. HP: 16/16 MP: 1/1
     7 | D:6      | Reached XP level 2. HP: 9/21 MP: 2/2
     7 | D:6      | Identified the +2 ring mail "Tilaguz" {Int+4 SInv}
   257 | D:8      | Noticed an ice beast
   285 | D:7      | Noticed Joseph
   351 | D:5      | Reached XP level 3. HP: 26/26 MP: 3/3
   436 | D:5      | Noticed a scorpion
   744 | D:4      | Reached skill level 7 in Stealth
   814 | D:5      | Found a runed translucent gate.
   814 | D:5      | Noticed a phantom
   815 | D:5      | Found a runed translucent gate.
   816 | D:5      | Found a runed translucent gate.
   817 | D:5      | Noticed a yak
   972 | D:4      | Identified the +2 sling of Zagaryewn {venom, rC++}
  1071 | D:4      | Reached XP level 4. HP: 32/32 MP: 4/4
  1076 | D:4      | Reached XP level 5. HP: 37/37 MP: 5/5
  2129 | D:3      | Reached XP level 6. HP: 35/43 MP: 6/6
  2378 | D:2      | Noticed Robin
  2587 | D:2      | Killed Robin
  2979 | D:2      | Reached skill level 8 in Stealth
  3332 | D:2      | Noticed Jessica
  3335 | D:2      | Killed Jessica
  3761 | D:1      | Found a faded altar of an unknown god.
  4761 | D:3      | Learned a level 3 spell: Ozocubu's Armour
  5597 | D:4      | Reached XP level 7. HP: 49/49 MP: 7/7
  5622 | D:3      | Reached skill level 1 in Shields
  5875 | D:4      | Reached skill level 1 in Ice Magic
  5972 | D:4      | You fall into a shaft and drop 2 floors!
  5982 | D:6      | Found a runed translucent door.
  5982 | D:6      | Noticed a human
  5989 | D:6      | Found a basalt altar of Yredelemnul.
  6150 | D:6      | Reached skill level 1 in Spellcasting
  6508 | D:5      | Slain by a black bear

Illustrated notes

Levels and vault maps discovered:
D:1:      dpeg_arrival_pond, layout_loops_corners,
          dreamdust_ecumenical_altar_hidden_monk_grotto
D:2:      layout_basic, uniq_robin, uniq_jessica
D:3:      layout_loops_cross
D:4:      layout_basic
D:5:      layout_loops_ring, gammafunk_ghost_split
D:6:      layout_loops_ring, dk_yredelemnul_ordeal
D:7:      layout_layer_cave, mainiacjoe_overflow_boulevard, temple_green,
          enter_bailey_4, uniq_menkaure, uniq_prince_ribbit1, uniq_joseph
D:8:      layout_gridville, onia_ninara_dug_in_and_dangerous

Skill      XL: |  1  2  3  4  5  6  7 |
---------------+----------------------+-----
Stealth        | 7 8 |  8.4
Axes           | 3 4 |  4.0
Dodging        | 3 4 |  4.0
Fighting       | 4 |  4.6
Shields        | 1 |  1.6
Ice Magic      | 1 |  1.9
Spellcasting   | 1 |  1.6

Action                   |  1- 3 |  4- 6 |  7- 9 || total
-------------------------+-------+-------+-------++-------
Melee: Hand axe          |    15 |     2 |    22 ||    39
       Tentacles         |     4 |     2 |     8 ||    14
       Constrict         |     4 |     1 |     5 ||    10
       Punch             |       |     1 |       ||     1
 Fire: Sling             |    13 |   203 |    38 ||   254
  Use: Scroll            |     2 |     8 |     1 ||    11
 Stab: Sleeping          |     3 |       |       ||     3
Armor: Skin              |       |     5 |     1 ||     6
Dodge: Dodged            |     7 |    88 |    34 ||   129
Block: Other             |     3 |    27 |    15 ||    45
       Reflection        |       |     2 |       ||     2
